 Dungeon Crawl Stone Soup version 0.15.2 (webtiles) character file.

583 Heini the Covered (level 7, -5/62 HPs)
             Began as a Minotaur Fighter on Mar 8, 2015.
             Shot with an arrow by a centaur (9 damage)
             ... on Level 4 of the Dungeon.
             The game lasted 00:07:54 (3411 turns).

Heini the Covered (Minotaur Fighter)                Turns: 3411, Time: 00:07:55

HP  -5/62        AC 10     Str 23      XL: 7   Next: 14%
MP   3/3         EV  7     Int  5      God:
Gold 364         SH  9     Dex  9      Spells:  0 memorised,  6 levels left

rFire  . . .     SeeInvis .     a - +0 flail (curse)
rCold  . . .     Clarity  .     b - +0 scale mail (curse)
rNeg   . . .     rCorr    .     c - +0 shield (curse)
rPois  .         rRot     .     (helmet restricted)
rElec  .         Spirit   .     u - +0 cloak (curse)
SustAb .         Warding  .     (no gloves)
rMut   .         Stasis   .     t - +0 pair of boots (curse)
Gourm  .                        (no amulet)
MR     +....                    e - cursed ring of protection from magic
                                s - cursed ring of wizardry

@: somewhat resistant to hostile enchantments, extremely unstealthy
A: retaliatory headbutt, horns 2
a: no special abilities


You were on level 4 of the Dungeon.
You were not hungry.

You visited 1 branch of the dungeon, and saw 4 of its levels.
You also visited: Ossuary.

You collected 364 gold pieces.

Inventory:

Hand weapons
 a - a cursed +0 flail (weapon)
Armour
 b - a cursed +0 scale mail (worn)
 c - a cursed +0 shield (worn)
 t - a cursed +0 pair of boots (worn)
 u - a cursed +0 cloak (worn)
Comestibles
 d - 4 bread rations
 f - a meat ration
 v - 3 royal jellies
 E - 2 fruits
 F - a beef jerky
 G - a chunk of bat flesh
Scrolls
 j - 4 scrolls of remove curse
 o - 3 scrolls of teleportation {unknown}
 r - a scroll of enchant armour {unknown}
 w - a scroll of fear {unknown}
Jewellery
 e - a cursed ring of protection from magic (right hand)
 n - a cursed ring of ice
 s - a cursed ring of wizardry (left hand)
 y - an uncursed ring of protection from fire {unknown}
Potions
 g - 3 potions of resistance {unknown}
 h - a potion of flight {unknown}
 i - 2 potions of brilliance {unknown}
 k - a potion of lignification {unknown}
 l - 3 potions of restore abilities
 m - 2 potions of cancellation
 p - 3 potions of agility {unknown}
 q - 2 potions of curing
 x - a potion of confusion {unknown}
 z - a potion of poison {unknown}
 A - a potion of might
 B - a potion of haste {unknown}
 C - a potion of berserk rage {unknown}
 D - a potion of invisibility {unknown}


   Skills:
 * Level 5.7 Fighting
 * Level 5.3 Maces & Flails
 * Level 7.4 Armour
 - Level 3.6 Shields


You had 6 spell levels left.
You didn't know any spells.

Dungeon Overview and Level Annotations

Branches:
Dungeon (4/15)
 Temple: D:4-7

Altars:
Fedhas
Makhleb
Qazlal
Vehumet
Xom
The Shining One

Annotations:
D:4 Edmund; Heini's ghost, average MiFi


Innate Abilities, Weirdness & Mutations

You reflexively headbutt those who attack you in melee.
You have a pair of horns on your head.


Message History

Edmund is moderately wounded.
The centaur hits you!
* * * LOW HITPOINT WARNING * * *
You block the centaur's attack. Edmund barely misses you.
You furiously retaliate!
You headbutt Edmund, but do no damage. You hit Edmund but do no damage.
Edmund is moderately wounded.
You block the centaur's attack.
The centaur hits you but does no damage.
Edmund hits you with a glowing flail.
* * * LOW HITPOINT WARNING * * *
x2 The centaur wields a shortbow.
The centaur shoots an arrow.
You block the arrow.
You see here an arrow.
The centaur shoots an arrow.
The arrow hits you but does no damage.
You see here an arrow.
The centaur shoots an arrow.
The arrow hits you but does no damage.
You see here an arrow.
The centaur shoots an arrow.
The arrow hits you!
You die...

#.##...# #.# ###...##
#.################# ##...##
#.................. #...##
#.................. #..##
#.....)............ #.##
#.................. #.#
#.............>.... #.#
###..####+#####+####.
#.######...@##...#*,,..####.
#...........()...#,,,.......
########....@(...+,,,.......
#......c..#,,,,......
#.........#,,,,......
#.........#,,,,......
#.........#,,,,,.....
#.........#,,,,,,(...
*##+####+...,,,,,,,..#


You could see Edmund and a centaur.

Vanquished Creatures
  A black bear (D:4)
  Sigmund (D:2)
  A big kobold (D:4)
  3 orc wizards
  Terence (D:2)
  9 mummies
  4 gnolls
  3 adders
  A worm (D:2)
  6 orcs
  7 giant cockroaches
  A gnoll zombie (Ossuary)
  5 goblins
  8 hobgoblins
  A jackal (D:3)
  10 kobolds
  15 bats
  3 giant newts
  3 hobgoblin zombies (Ossuary)
  A kobold zombie (Ossuary)
  An orc skeleton (D:4)
  3 orc zombies (Ossuary)
  A quokka (D:2)
  11 rats
100 creatures vanquished.

Notes
Turn   | Place    | Note
--------------------------------------------------------------
     0 | D:1      | Heini, the Minotaur Fighter, began the quest for the Orb.
     0 | D:1      | Reached XP level 1. HP: 19/19 MP: 1/1
     6 | D:1      | Noticed a black bear
     6 | D:1      | Noticed a swamp drake
     6 | D:1      | Noticed an anaconda
     6 | D:1      | Noticed an iguana
   378 | D:1      | Reached XP level 2. HP: 27/27 MP: 1/1
   436 | D:1      | Reached skill level 4 in Armour
   863 | D:2      | Noticed Terence
   873 | D:2      | Killed Terence
   873 | D:2      | Reached XP level 3. HP: 18/33 MP: 0/2
   890 | D:2      | Found a stormy altar of Qazlal.
   946 | D:2      | Noticed Sigmund
   956 | D:2      | Killed Sigmund
   956 | D:2      | Reached skill level 5 in Armour
   956 | D:2      | Reached XP level 4. HP: 9/41 MP: 2/2
  1275 | D:2      | Found a glowing golden altar of the Shining One.
  1304 | D:2      | Found a radiant altar of Vehumet.
  1467 | D:2      | Found a blossoming altar of Fedhas.
  1469 | D:2      | Found a shimmering altar of Xom.
  1472 | D:2      | Found a burning altar of Makhleb.
  1512 | D:2      | Reached XP level 5. HP: 34/47 MP: 2/2
  2281 | D:4      | Reached skill level 5 in Fighting
  2301 | D:4      | Reached skill level 6 in Armour
  2302 | D:4      | Reached XP level 6. HP: 38/56 MP: 3/3
  2369 | D:4      | Found a sand-covered staircase.
  2376 | Ossuary  | Entered an ossuary
  2561 | Ossuary  | Reached skill level 7 in Armour
  2887 | D:4      | Reached skill level 5 in Maces & Flails
  2978 | D:4      | Noticed Heini's ghost (average MiFi)
  3346 | D:4      | Noticed a black bear
  3358 | D:4      | Killed a black bear
  3358 | D:4      | Reached XP level 7. HP: 35/62 MP: 3/3
  3390 | D:4      | Noticed Edmund
  3406 | D:4      | HP: 3/62 [Edmund/glowing flail (2)]
  3411 | D:4      | Shot with an arrow by a centaur

Action                   |  1- 3 |  4- 6 |  7- 9 || total
-------------------------+-------+-------+-------++-------
Melee: Flail             |    69 |   224 |    13 ||   306
  Use: Potion            |     1 |       |       ||     1
       Scroll            |       |     7 |       ||     7
  Eat: Chunk             |       |     8 |       ||     8
